 Dungeon Crawl Stone Soup version 0.31.0-9-g3a7656b989 (webtiles) character file.

Game seed: 11462710862081990662

205548 Axelsxxd the Severer (level 19, 0/241 HPs)
             Began as a Formicid Fighter on Feb 1, 2024.
             Was an Initiate of Gozag.
             Slain by an acid blob (1 damage)
             ... on level 2 of the Pits of Slime on Feb 2, 2024.
             The game lasted 01:07:08 (40116 turns).

Axelsxxd the Severer (Formicid Fighter)            Turns: 40116, Time: 01:07:09

Health: 0/241      AC: 17    Str: 33    XL:     19   Next: 39%
Magic:  19/19      EV:  2    Int: 10    God:    Gozag
Gold:   773        SH: 19    Dex: 13    Spells: 18/18 levels left

rFire   + . .        w - +7 battleaxe (flame)
rCold   + . .        e - +0 tower shield {reflect}
rNeg    . . .        X - melded +1 gold dragon scales
rPois   +            (helmet unavailable)
rElec   +            A - melded scarf {rC+ rF+}
rCorr   +            U - melded +0 pair of fencer's gloves {Riposte Dex+3}
SInv    .            C - melded +0 pair of boots
Will    +....        t - amulet of the acrobat
Stlth   +            g - +6 ring of strength
HPRegen 0.60/turn    G - +5 ring of evasion
MPRegen 0.16/turn

%: reflection, acrobat
@: mighty, tree-form, resistant, corroded
A: stationary, stasis, torment immunity, boosted hp, permanent stasis, dig
shafts and tunnels, (antennae 3), four strong arms
}: 1/15 runes: serpentine
a: End Transformation, Renounce Religion, Potion Petition, Call Merchant, Bribe
Branch


You were on level 2 of the Pits of Slime.
You worshipped Gozag.
Gozag was pleased with you.
You were a tree.
You visited 8 branches of the dungeon, and saw 31 of its levels.

You collected 11448 gold pieces.
You spent 3760 gold pieces at shops.
You paid 6915 gold pieces to Gozag.

Inventory:

Hand Weapons
 r - a +1 broad axe of freezing
 w - a +7 battleaxe of flaming (weapon)
 R - the +6 shillelagh "Devastator" {shatter}
   (You found it on level 2 of the Lair of Beasts)
Missiles
 c - 11 throwing nets
 L - 8 javelins (quivered)
Armour
 e - a +0 tower shield of reflection (worn)
 j - a +4 crystal plate armour
 u - a +1 cloak of preservation
 A - a scarf of resistance (melded)
 C - a +0 pair of boots (melded)
 U - the +0 pair of fencer's gloves (melded) {Riposte Dex+3}
   (You bought it in a shop on level 10 of the Dungeon)

   Riposte:   It allows the wearer to riposte with melee weapons, swiftly
   retaliating against missed or blocked melee attacks.
   Dex+3:     It affects your dexterity (+3).
 X - +1 gold dragon scales (melded)
Jewellery
 g - a +6 ring of strength (left branch)
 p - a ring of fire
 t - an amulet of the acrobat (around neck)
 B - an amulet of guardian spirit
 D - a ring of protection from fire
 G - a +5 ring of evasion (right branch)
 W - a ring of protection from cold
Wands
 q - a wand of digging (4)
 E - a wand of flame (9)
 I - a wand of roots (11)
 Q - a wand of mindburst (7)
 S - a wand of charming (4)
Scrolls
 a - 2 scrolls of fear
 b - 2 scrolls of identify
 f - a scroll of enchant armour
 i - 6 scrolls of revelation
 l - 4 scrolls of vulnerability
 n - 2 scrolls of poison
 o - 3 scrolls of fog
 x - 3 scrolls of brand weapon
 y - 2 scrolls of immolation
 Y - a scroll of silence
Potions
 d - 3 potions of might
 k - a potion of attraction
 m - 7 potions of mutation
 s - 5 potions of heal wounds
 v - 2 potions of invisibility
 z - a potion of cancellation {unknown}
 F - 3 potions of resistance
 J - 4 potions of enlightenment
 M - 8 potions of brilliance
 O - a potion of lignification
 P - 3 potions of ambrosia
 T - 6 potions of curing
Miscellaneous
 h - a phantom mirror


   Skills:
 + Level 17.2 Fighting
 - Level 20.0 Axes
 + Level 2.1 Throwing
 + Level 15.2 Armour
 - Level 10.0 Dodging
 + Level 17.3 Shields
 - Level 5.0 Evocations


You had 18 spell levels left.
You didn't know any spells.
Your spell library contained the following spells:

 Spells                   Type           Power      Damage    Failure   Level
 Foxfire                  Conj/Fire      0%         2x1d4     54%         1
 Freeze                   Ice            0%         1d3       54%         1
 Magic Dart               Conj           0%         1d3       54%         1
 Sandblast                Erth           0%         2d4       54%         1
 Call Imp                 Summ           0%         N/A       69%         2
 Lesser Beckoning         Tloc           0%         N/A       69%         2
 Mercury Vapours          Alch/Air       0%         N/A       69%         2
 Momentum Strike          Conj/Tloc      0%         3d8       69%         2
 Frozen Ramparts          Ice            0%         1d1       89%         3
 Gell's Gravitas          Tloc           0%         N/A       89%         3
 Hailstorm                Conj/Ice       0%         3d5       89%         3
 Mephitic Cloud           Conj/Alch/Air  0%         N/A       89%         3
 Passwall                 Erth           0%         N/A       89%         3
 Stone Arrow              Conj/Erth      0%         3d7       89%         3
 Teleport Other           Tloc           0%         N/A       89%         3
 Brom's Barrelling Bould  Conj/Erth      0%         2d3       100%        4
 Manifold Assault         Tloc           0%         N/A       100%        4
 Freezing Cloud           Conj/Ice/Air   0%         6-21      100%        5
 Dispersal                Tloc           0%         N/A       100%        6
 Plasma Beam              Fire/Air       0%         2x1d10    100%        6
 Starburst                Conj/Fire      0%         6d3       100%        6
 Haunt                    Necr/Summ      0%         N/A       100%        7
 Disjunction              Tloc           0%         N/A       100%        8
 Infestation              Necr           0%         N/A       100%        8
 Blink                    Tloc           Unusable   N/A       N/A         2
 Animate Dead             Necr           Unusable   N/A       N/A         4

Dungeon Overview and Level Annotations

Branches:
Dungeon (15/15)            Temple (1/1) D:6            Lair (5/5) D:10
 Shoals (1/4) Lair:3        Snake (4/4) Lair:2        Slime (2/5) Lair:5
    Orc (2/2) D:10            Elf (0/3) Orc:2        Vaults (1/5) D:14
 Depths (0/4) D:15

Altars:
Ashenzari
Cheibriados
Dithmenos
Elyvilon
Fedhas
Gozag
Hepliaklqana
Kikubaaqudgha
Makhleb
Nemelex Xobeh
Okawaru
Qazlal
Ru
Sif Muna
Trog
Uskayaw
Vehumet
Wu Jian
Xom
Yredelemnul
Zin
The Shining One
Jiyva

Shops:
D:10 *   D:12 [   D:14 *   Orc:2 :*[*[   Snake:2 *![*   Snake:3 (

Annotations:
D:14 exclusion: obsidian statue
Snake:4 Roxanne


Innate Abilities, Weirdness & Mutations

You are a tree.
Your roots penetrate the ground, keeping you stationary.
You cannot be teleported.
You are immune to unholy pain and torment.
Your maximum health is greatly increased.
Your equipment is partially melded.
You cannot be hasted, slowed, berserked, paralysed or teleported.
You can dig through walls and to a lower floor.
((You have a pair of large antennae on your head. (SInv)))
Your four strong arms can wield two-handed weapons with a shield.


Message History

The acid blob closely misses you.
Unknown command.
Unknown command.
You slash the acid blob! You burn the acid blob.
Your hands burn!
The acid blob is heavily wounded.
You hit the acid blob but do no damage.
Your hands burn!
The acid blob spits acid at you. The splash of acid misses you.
You block the acid blob's attack.
Unknown command.
Unknown command.
You hit the acid blob. You burn the acid blob. The acid corrodes you!
Your hands burn!
The acid blob is heavily wounded.
You slash the acid blob! You burn the acid blob.
Your hands burn!
The acid blob hits you!!
You are splashed with acid.
* * * LOW HITPOINT WARNING * * *
The acid blob hits you!!
* * * LOW HITPOINT WARNING * * *
You are splashed with acid!
* * * LOW HITPOINT WARNING * * *
Unknown command. [a] - 116 gold - brilliance [b] - 357 gold - lignification, might and resistance [c] - 320 gold - might, brilliance and magic Purchase which effect?
You no longer have enough gold to fund merchants seeking to open stores in the dungeon.
You turn into a tree.
Your scarf of resistance melds into your body.
The +0 pair of fencer's gloves {Riposte Dex+3} melds into your body.
Your +0 pair of boots melds into your body.
Your +1 gold dragon scales melds into your body.
You feel hot and cold all over.
Your roots penetrate the ground.
You feel very mighty all of a sudden.
You feel protected. The acid blob hits you!
* * * LOW HITPOINT WARNING * * *
You are splashed with acid.
You resist.
* * * LOW HITPOINT WARNING * * *
The acid blob hits you.
You die...
Your body crumbles into a pile of gold.

..........#...#...#......
.......#.......#.........
.......#..............##
.......................#
.....#.....#....#.....#
....................##
...........#.........##
......................#
......#.........♣..#..##.#
...............JJJ.$......
....#.##........J$.$.....#
........#...#.#..##.##..##
..................### ##
.................##
...#...#........(.
##.................
......##.....###...


You could see 4 acid blobs.

Vanquished Creatures
  Nikola (Vaults:1)
  Jorgrun (D:15)
  2 acid blobs (Slime:2)
  Kirke (D:14)
  5 nagarajas
  Donald (Snake:1)
  Aizul (Snake:1)
  2 rockslimes
  3 vault wardens (Vaults:1)
  The ghost of Ciageutz the Thaumaturge, a journeyman GnHW of Sif Muna (Snake:1)
  3 formless jellyfish
  A quicksilver ooze (Slime:1)
  An ironbound preserver (Vaults:1)
  A deep elf death mage (Vaults:1)
  Azrael (D:14)
  Josephine (D:12)
  7 yaktaur captains (Vaults:1)
  A vault guard (D:14)
  5 hydras
  A rakshasa (D:15)
  Erolcha (D:9)
  6 boulder beetles
  3 salamander tyrants
  2 ironbound frosthearts (Vaults:1)
  8 centaur warriors
  8 anacondas
  A dancing weapon (D:14)
  11 naga warriors
  2 death knights (D:14)
  3 two-headed ogres
  3 death yaks (Lair:2)
  A tengu warrior (D:14)
  A deep troll earth mage (Vaults:1)
  2 occultists (D:15)
  3 orc high priests (Orc:2)
  8 shock serpents
  10 naga sharpshooters
  4 skysharks
  Nergalle (Orc:1)
  An iron troll (Vaults:1)
  2 salamander mystics
  Lodul (D:10)
  3 deep trolls (Vaults:1)
  4 naga ritualists
  2 glowing orange brains
  8 mana vipers
  2 arcanists (Vaults:1)
  7 lindwurms
  6 ironbound convokers
  9 orc knights
  A deep elf pyromancer (D:15)
  A necromancer (D:15)
  13 ugly things
  An oklob plant (Lair:1)
  2 manticores
  6 orc sorcerers (Orc:2)
  A wolf spider (Lair:5)
  7 salamanders
  3 meliai (D:14)
  22 elephants
  6 cyclopes
  A water nymph (Lair:3)
  A torpor snail (Lair:2)
  Joseph (D:6)
  35 black mambas
  5 guardian serpents
  2 centaur zombies (D:15)
  19 naga magi
  An eye of devastation (Slime:2)
  15 cane toads
  5 kobold blastminers
  6 rime drakes
  5 freezing wraiths
  25 yaktaurs
  4 kobold demonologists (D:9)
  Maggie (D:6)
  4 unseen horrors (D:13)
  An efreet (D:13)
  3 tengu conjurers
  7 komodo dragons
  5 trolls
  3 polar bears
  A glass eye (Slime:2)
  3 hornets (Lair:5)
  A wolf spider simulacrum (D:15)
  19 blink frogs
  7 dream sheep (Lair:4)
  A jumping spider (shapeshifter) (D:15)
  A centaur simulacrum (D:15)
  2 spriggans (Lair:2)
  10 wraiths
  2 shadows
  18 slime creatures
  11 wyverns
  29 yaks
  5 hogs (D:14)
  Grum (D:9)
  2 fire elementals (D:14)
  2 wargs (D:10)
  4 golden eyes (Slime:1)
  4 basilisks
  2 steam dragons
  A redback (Lair:5)
  4 vampire mosquitoes
  Menkaure (D:6)
  Edmund (D:6)
  53 nagas
  24 water moccasins
  2 acid dragons
  2 hell hounds (D:14)
  24 orc warriors
  4 black bears
  A sky beast (D:8)
  10 ogres
  An ogre (shapeshifter) (D:15)
  11 wolves
  16 centaurs
  2 phantoms
  3 kobold brigands
  15 bullfrogs
  3 gnoll sergeants
  5 scorpions
  2 wights (D:10)
  11 killer bees
  An electric eel (Lair:4)
  2 howler monkeys (D:5)
  5 bombardier beetles
  A crimson imp (D:8)
  2 jellies
  Crazy Yiuf (D:7)
  9 hounds
  17 orc priests
  A gnoll bouda (D:5)
  An iguana (D:6)
  Jessica (D:3)
  26 orc wizards
  A boggart simulacrum (D:15)
  17 adders
  19 gnolls
  3 white imps
  A dart slug (D:3)
  55 orcs
  10 ball pythons
  10 bats
  7 endoplasms
  4 giant cockroaches
  7 goblins
  5 hobgoblins
  3 jackals (D:2)
  21 kobolds
  6 quokkas
  3 frilled lizards (D:3)
  4 rats
939 creatures vanquished.

Vanquished Creatures (collateral kills)
  A salamander tyrant (Snake:4)
  A hydra (Lair:2)
  A naga warrior (Snake:4)
  4 blink frogs (Lair:2)
  A naga (Snake:4)
  A gnoll (D:9)
9 creatures vanquished.

Vanquished Creatures (others)
  A naga ritualist (Snake:4)
  A wyvern (Lair:5)
  A yak (D:9)
  2 wights (D:10)
  An adder (D:5)
6 creatures vanquished.

Grand Total: 954 creatures vanquished

Notes
Turn   | Place    | Note
-------+----------+-------------------------------------------
     0 | D:1      | Axelsxxd the Formicid Fighter began the quest for the Orb.
     0 | D:1      | Reached XP level 1. HP: 18/18 MP: 1/1
    83 | D:1      | Reached XP level 2. HP: 20/24 MP: 2/2
   676 | D:1      | Reached XP level 3. HP: 28/29 MP: 3/3
   897 | D:2      | Found a faded altar of an unknown god.
   989 | D:2      | Reached XP level 4. HP: 35/37 MP: 4/4
  1222 | D:2      | Reached skill level 3 in Axes
  1626 | D:3      | Noticed Jessica
  1630 | D:3      | Killed Jessica
  1631 | D:3      | Reached XP level 5. HP: 29/42 MP: 5/5
  1755 | D:3      | Found a basalt altar of Yredelemnul.
  2004 | D:3      | Found an ornate altar of the Wu Jian Council.
  2294 | D:4      | Found a glowing golden altar of the Shining One.
  2304 | D:4      | Reached skill level 4 in Axes
  2304 | D:4      | Reached skill level 5 in Shields
  2304 | D:4      | Reached XP level 6. HP: 48/48 MP: 6/6
  2323 | D:4      | Noticed a black bear
  2331 | D:4      | Killed a black bear
  2430 | D:4      | Reached XP level 7. HP: 55/55 MP: 7/7
  2620 | D:4      | Found a radiant altar of Vehumet.
  2765 | D:4      | Reached skill level 5 in Axes
  3006 | D:5      | Entered Level 5 of the Dungeon
  3008 | D:5      | Noticed a wyvern
  3015 | D:5      | Killed a wyvern
  3016 | D:5      | Reached skill level 5 in Fighting
  3016 | D:5      | Reached skill level 5 in Armour
  3101 | D:5      | Reached XP level 8. HP: 60/62 MP: 8/8
  3220 | D:5      | Reached skill level 6 in Axes
  3646 | D:5      | Reached skill level 7 in Axes
  3646 | D:5      | Reached XP level 9. HP: 45/69 MP: 9/9
  3771 | D:5      | Found an ancient bone altar of Kikubaaqudgha.
  3771 | D:5      | Found a hazy altar of Hepliaklqana.
  3930 | D:5      | Found a sparkling altar of Nemelex Xobeh.
  4264 | D:6      | Identified the maw talisman of the Freezing Gods {rC+}
  4269 | D:6      | Noticed Edmund
  4286 | D:6      | Killed Edmund
  4287 | D:6      | Reached skill level 8 in Axes
  4329 | D:6      | Noticed Menkaure
  4332 | D:6      | Killed Menkaure
  4665 | D:6      | Found a hide-covered altar of Uskayaw.
  4927 | D:6      | Found a staircase to the Ecumenical Temple.
  4934 | Temple   | Entered the Ecumenical Temple
  4972 | Temple   | Became a worshipper of Gozag Ym Sagoz the Greedy
  5097 | D:7      | Noticed Joseph
  5097 | D:7      | Noticed Maggie
  5117 | D:6      | Killed Maggie
  5118 | D:6      | Reached skill level 9 in Axes
  5118 | D:6      | Reached XP level 10. HP: 15/79 MP: 10/10
  5431 | D:6      | Killed Joseph
  5578 | D:7      | Found a shadowy altar of Dithmenos.
  5767 | D:7      | Reached skill level 10 in Axes
  6151 | D:7      | Identified the +1 hammer "Gucs" {antimagic, Str+4 Int+4}
  6155 | D:7      | Found a runed translucent door.
  6156 | D:7      | Noticed Crazy Yiuf
  6400 | D:7      | Killed Crazy Yiuf
  6514 | D:8      | Noticed a cyclops
  6529 | D:8      | Killed a cyclops
  6731 | D:8      | Reached skill level 11 in Axes
  6832 | D:8      | HP: 4/83 [acid dragon (3)]
  6985 | D:8      | Noticed a two-headed ogre
  6996 | D:8      | Killed a two-headed ogre
  6997 | D:8      | Reached skill level 10 in Fighting
  7283 | D:8      | Found a burning altar of Makhleb.
  7996 | D:9      | Noticed a kobold demonologist
  7996 | D:9      | Noticed a kobold demonologist
  8009 | D:9      | Reached XP level 11. HP: 82/91 MP: 11/11
  8025 | D:9      | Noticed a sun demon
  8177 | D:9      | Noticed a soul eater
  8556 | D:9      | Noticed Grum
  8580 | D:9      | Killed Grum
  8937 | D:9      | Noticed Erolcha
  8944 | D:9      | Killed Erolcha
  9068 | D:10     | Entered Level 10 of the Dungeon
  9317 | D:10     | Noticed a boulder beetle
  9339 | D:10     | Killed a boulder beetle
  9568 | D:10     | Found a staircase to the Orcish Mines.
  9592 | D:10     | Found a white marble altar of Elyvilon.
  9703 | D:10     | Found a staircase to the Lair.
  9931 | D:10     | Noticed Lodul
  9954 | D:10     | Killed Lodul
  9955 | D:10     | Reached XP level 12. HP: 31/102 MP: 12/12
 10320 | D:10     | Found a sacrificial altar of Ru.
 10560 | Lair:1   | Entered Level 1 of the Lair of Beasts
 10986 | Lair:1   | Identified the +6 dagger of Terra Cotta {pain, rPois Dex+3}
 11051 | Lair:1   | Reached skill level 1 in Evocations
 11060 | Lair:1   | Reached skill level 12 in Axes
 11155 | Lair:1   | HP: 5/102 [poisoned by a black mamba]
 12063 | Lair:2   | Noticed a seven-headed hydra
 12071 | Lair:2   | Noticed a skyshark
 12076 | Lair:2   | Killed a seven-headed hydra
 12082 | Lair:2   | Reached skill level 10 in Shields
 12111 | Lair:2   | Killed a skyshark
 12163 | Lair:2   | Found the +6 shillelagh "Devastator" {shatter}
 12508 | Lair:2   | Reached skill level 10 in Armour
 12706 | Lair:2   | Reached XP level 13. HP: 108/108 MP: 13/13
 12819 | Lair:2   | Reached skill level 5 in Evocations
 12990 | Lair:2   | Identified the +3 dagger "Guecej" {venom, rC+ rN+ Will-
                  | Dex+7}
 13076 | Lair:2   | Found a staircase to the Snake Pit.
 13082 | Lair:2   | HP: 5/108 [naga/+0 halberd (9)]
 13623 | Lair:3   | Reached skill level 13 in Axes
 14239 | Lair:3   | Noticed an eight-headed hydra
 14246 | Lair:3   | Killed an eight-headed hydra
 15732 | Lair:4   | Noticed a four-headed hydra
 15739 | Lair:4   | Killed a four-headed hydra
 15740 | Lair:4   | Reached XP level 14. HP: 115/115 MP: 14/14
 15741 | Lair:4   | Reached skill level 14 in Axes
 17377 | Lair:5   | Entered Level 5 of the Lair of Beasts
 17564 | Lair:5   | HP: 5/115 [poisoned by a water moccasin]
 18180 | Lair:5   | Reached skill level 15 in Shields
 18201 | Lair:5   | Reached skill level 15 in Axes
 18730 | Lair:5   | Reached XP level 15. HP: 81/121 MP: 15/15
 19537 | Lair:5   | Found a viscous altar of Jiyva.
 19537 | Lair:5   | Found a staircase to the Slime Pits.
 20747 | D:12     | Noticed Josephine
 20763 | D:12     | Killed Josephine
 20965 | D:12     | Found Biotef's Armour Shoppe.
 21448 | Orc:1    | Entered Level 1 of the Orcish Mines
 23164 | Orc:2    | Entered Level 2 of the Orcish Mines
 23411 | Orc:2    | Found a staircase to the Elven Halls.
 23485 | Orc:1    | Noticed Nergalle
 23499 | Orc:1    | Killed Nergalle
 23500 | Orc:1    | Reached skill level 16 in Axes
 23934 | Orc:2    | Found Nopnucokli's Book Shop.
 24077 | Orc:2    | Found Xeojum's General Store.
 24496 | Orc:2    | Found Fusymmim's Assorted Antiques.
 24500 | Orc:2    | Bought a scroll of identify for 24 gold pieces
 24503 | Orc:2    | Bought a glowing dark potion for 25 gold pieces
 24503 | Orc:2    | Found Zupiacw's Antique Armour Shoppe.
 24505 | Orc:2    | Found Adaovia's Armour Boutique.
 24514 | Orc:2    | Bought a +0 pair of boots for 49 gold pieces
 24623 | Orc:2    | Bought a wand of flame (4) for 78 gold pieces
 24625 | Orc:2    | Bought a potion of mutation for 96 gold pieces
 24678 | D:10     | Bought a scroll of identify for 92 gold pieces
 24678 | D:10     | Bought a sedimented yellow potion for 41 gold pieces
 24678 | D:10     | Bought a scroll of immolation for 184 gold pieces
 24687 | D:10     | Bought the +0 pair of fencer's gloves {Riposte Dex+3} for
                  | 1840 gold pieces
 24687 | D:10     | Found the +0 pair of fencer's gloves {Riposte Dex+3}
 24929 | D:13     | Reached XP level 16. HP: 121/129 MP: 16/16
 25578 | D:14     | Noticed Kirke
 25586 | D:13     | Reached skill level 15 in Armour
 25592 | D:14     | Killed Kirke
 26224 | D:14     | Noticed Azrael
 26243 | D:14     | Killed Azrael
 26291 | D:14     | Found Geppezacw's Goods Gallery.
 26401 | D:14     | Found a gate to the Vaults.
 26416 | D:14     | Identified the +2 plate armour of the Immovable Xenops
                  | {+Blink rN+ SInv}
 26910 | D:15     | Entered Level 15 of the Dungeon
 27214 | D:15     | Noticed Jorgrun
 27226 | D:15     | Killed Jorgrun
 27413 | D:15     | Reached skill level 15 in Fighting
 27495 | D:15     | Reached skill level 17 in Axes
 27724 | D:14     | Bought +0 gold dragon scales for 1200 gold pieces
 28150 | Snake:1  | Entered Level 1 of the Snake Pit
 28389 | Snake:1  | Found a runed translucent door.
 28389 | Snake:1  | Noticed Ciageutz's ghost (journeyman GnHW)
 28440 | Snake:1  | Reached skill level 1 in Dodging
 28815 | Snake:1  | Reached XP level 17. HP: 139/143 MP: 17/17
 29028 | Snake:1  | HP: 7/144 [poisoned by a naga ritualist (toxic radiance)]
 29033 | Snake:1  | HP: 5/144 [poisoned by a naga ritualist (toxic radiance)]
 29647 | Snake:1  | Killed Ciageutz's ghost
 29807 | Snake:2  | Identified the serpent talisman of Chimes {Will+ Str+4}
 29807 | Snake:2  | Noticed Aizul
 29807 | Snake:2  | Noticed Donald
 29821 | Snake:1  | Killed Donald
 30153 | Snake:1  | Killed Aizul
 31098 | Snake:2  | Found Ceci's Antique Armour Emporium.
 31098 | Snake:2  | Found Nocziu's Distillery.
 31099 | Snake:2  | Found Rouqod's Assorted Antiques.
 31103 | Snake:2  | Found Plog's General Store.
 31106 | Snake:2  | Bought a potion of heal wounds for 75 gold pieces
 31109 | Snake:2  | Bought a scroll of fear for 56 gold pieces
 32244 | Snake:3  | Found Piuklia's Weapon Shop.
 33514 | Snake:3  | Reached skill level 5 in Dodging
 33855 | Snake:4  | Entered Level 4 of the Snake Pit
 33878 | Snake:4  | Reached skill level 18 in Axes
 34583 | Snake:4  | Reached XP level 18. HP: 123/154 MP: 18/18
 35222 | Snake:4  | Got a serpentine rune of Zot
 35754 | Snake:4  | Noticed Roxanne
 36823 | D:15     | Found a staircase to the Depths.
 36881 | Vaults:1 | Entered Level 1 of the Vaults
 36972 | Vaults:1 | Noticed Nikola
 36987 | Vaults:1 | Killed Nikola
 36988 | Vaults:1 | Reached skill level 19 in Axes
 37922 | Vaults:1 | Reached XP level 19. HP: 161/161 MP: 19/19
 38292 | Vaults:1 | Reached skill level 10 in Dodging
 38698 | Vaults:1 | Reached skill level 20 in Axes
 39213 | Shoals:1 | Entered Level 1 of the Shoals
 39322 | Slime:1  | Entered Level 1 of the Pits of Slime
 39563 | Slime:2  | Reached skill level 1 in Throwing
 40115 | Slime:2  | HP: 7/161 [acid (11)]
 40116 | Slime:2  | HP: 1/241 [acid (3)]
 40116 | Slime:2  | Slain by an acid blob

Illustrated notes

Levels and vault maps discovered:
D:1:      giann_wishing_wells, layout_loops_ring, nrook_mini_vaults,
          hangedman_decor_riveting
D:2:      layout_basic, nicolae_ecumenical_lake_church
D:3:      kennysheep_six_static_rooms, layout_rooms,
          mainiacjoe_overflow_brackets, mainiacjoe_overflow_catwalk,
          minmay_fractal_squares_5, uniq_jessica
D:4:      layout_gridville, tso_metal_star, mainiacjoe_overflow_small_starburst,
          guppyfry_early_lair_pool
D:5:      minmay_inner_zag, layout_loops_cross, overflow_temple_1_default,
          gammafunk_temple_overflow_elements
D:6:      layout_rooms, eat_drink_and_be_merry_uskayaw, temple_green,
          uniq_edmund, uniq_menkaure
D:7:      layout_rooms, grunt_dithmenos_shadows, kennysheep_generic_room_4,
          uniq_crazy_yiuf_cottage, uniq_joseph, uniq_maggie
D:8:      layout_loops_ring, makhleb_grotto_becter
D:9:      layout_loops_corners, uniq_grum, uniq_erolcha
D:10:     layout_loops_ring, nicolae_overflow_crystal_walls,
          nicolae_ru_the_path_less_chosen, lair_entry_dummy, orc_0_dummy,
          st_stairs_6, kennysheep_generic_room_8, uniq_lodul
D:11:     layout_stronghold, lemuel_flame_loot_1
D:12:     layout_rooms, serial_shops, nicolae_take_the_stairs, uniq_josephine
D:13:     layout_loops_ring
D:14:     layout_roguey, erik_vaults_1, nicolae_alphabet_shops,
          corexii_hall_statues_x, minmay_statue_bubble, uniq_kirke, uniq_azrael
D:15:     grunt_enter_depths_magical_seal, layout_basic, uniq_jorgrun
Temple:   jpeg_temple_alley_garden
Lair:1:   layout_cellular_growth, grunt_megastairs_3
Lair:2:   layout_cave_shapes, guppyfry_snake_entry_garden, forest_entry_grove,
          serial_bayou_shore_b, lemuel_fruit_tree
Lair:3:   layout_cave_pods, nicolae_shoals_entry_flooding, portal_ice_cave_rime,
          grunt_megastairs_5, serial_bayou_shore_b
Lair:4:   layout_loops_ring, wad_woods_river_01
Lair:5:   hangedman_lair_tendril_chambers, layout_regular_city,
          dpeg_slime_entry_enclosed, chequers_serial_rivers_small_b
Shoals:1: layout_shoals, nicolae_tricolors
Snake:1:  layout_cave_shapes, gammafunk_ghost_grave, nicolae_triple_integral
Snake:2:  layout_onion, minmay_shoptagon, uniq_aizul, uniq_donald
Snake:3:  layout_cave_town, serial_shops, nicolae_stop_n_shop_2
Snake:4:  minmay_snake_end_coiled, layout_basic, serial_curves, eino_curves_03,
          eino_curves_01, uniq_roxanne
Slime:1:  layout_caves
Slime:2:  layout_caves, nicolae_slime_welcoming_committee
Orc:1:    layout_caves, special_room [special_room_orc], uniq_nergalle
Orc:2:    st_orc_elflike, layout_caves, serial_shops, shop
Vaults:1: v_pattern_2, vaults_room_large_hall, vaults_room_stairs_pillars,
          hangedman_vaults_locks, nicolae_vaults_angled_halls,
          nicolae_vaults_antechamber_and_loot_room, layout_vaults_chaotic_city,
          uniq_nikola

Skill      XL: |  1  2  3  4  5  6  7  8  9 10 11 12 13 14 15 16 17 18 19 |
---------------+----------------------------------------------------------+-----
Axes           | 3 4 5 7 9 11 12 13 15 16 17 18 19 20 | 20.0
Fighting       | 4 5 6 7 10 12 15 17 | 17.2
Armour         | 4 5 6 7 8 10 11 13 14 15 | 15.2
Shields        | 5 6 7 9 10 13 15 16 17 | 17.3
Evocations     | 4 5 |  5.0
Dodging        | 1 6 9 10 | 10.0
Throwing       | 2 |  2.1

Action                     |  1- 3 |  4- 6 |  7- 9 | 10-12 | 13-15 | 16-18 | 19-21 || total
---------------------------+-------+-------+-------+-------+-------+-------+-------++-------
  Melee: War axe           |   101 |   106 |   243 |   707 |   300 |       |       ||  1457
         Broad axe         |       |       |       |       |   806 |       |       ||   806
         Battleaxe         |       |       |       |       |    43 |   758 |   108 ||   909
  Throw: Javelin           |       |       |       |     1 |       |       |     1 ||     2
 Invoke: Potion Petition   |       |       |       |     2 |     6 |    10 |     1 ||    19
         Call Merchant     |       |       |       |       |     1 |       |       ||     1
Ability: Dig               |       |       |       |     1 |     1 |     1 |       ||     3
  Evoke: Wand              |       |       |     2 |    38 |    46 |     2 |       ||    88
    Use: Scroll            |       |     2 |     2 |    11 |    14 |    11 |       ||    40
         Potion            |       |       |     1 |     1 |     3 |     6 |       ||    11
   Stab: Distracted        |       |       |       |     5 |     6 |     4 |       ||    15
         Invisible         |       |       |       |     3 |     1 |     6 |       ||    10
 Armour: Scale mail        |    33 |       |       |       |       |       |       ||    33
         Crystal plate arm |    54 |   102 |   239 |   536 |   827 |   104 |       ||  1862
         Skin              |       |       |       |       |     5 |       |     2 ||     7
         Gold dragon scale |       |       |       |       |       |   308 |    39 ||   347
  Dodge: Dodged            |    31 |    38 |    63 |   156 |   341 |   273 |    28 ||   930
  Block: Buckler           |    29 |    20 |       |       |       |       |       ||    49
         Kite shield       |       |    25 |   175 |   368 |   855 |   414 |       ||  1837
         Tower shield      |       |       |       |       |       |   203 |    84 ||   287
         Reflection        |       |       |       |       |       |    49 |    16 ||    65
Riposte: Battleaxe         |       |       |       |       |     8 |   204 |    31 ||   243
